 Dungeon Crawl Stone Soup version 0.29.0-13-gc9e81de378 (webtiles) character file.

Game seed: 2170409790643418109

9176 sanka the Nimble (level 11, 0/85 HPs)
             Began as a Djinni Hunter on Sept 9, 2022.
             Was a Follower of Makhleb.
             Killed from afar by a gargoyle (13 damage)
             ... with a stone arrow
             ... on level 11 of the Dungeon.
             The game lasted 00:19:41 (13893 turns).

sanka the Nimble (Djinni Hunter)                   Turns: 13893, Time: 00:19:42

Health: 0/85       AC: 11    Str: 10    XL:     11   Next: 69%
Gold:   683        EV: 18    Int: 21    God:    Makhleb [*.....] SH:  0 Dex: 27

rFire   + + .      SeeInvis .   a - +8 dagger of Uletzoq {vorpal, Int+7 Dex+3}
rCold   . . .      Faith    .   (no shield)
rNeg    . . .      Spirit   .   S - +0 swamp dragon scales
rPois   ∞          Reflect  .   i - +2 helmet
rElec   .          Harm     .   (no cloak)
rCorr   .          Rampage  .   K - +0 pair of gloves
Will    +....                   (boots unavailable)
Stlth   ++........              (no amulet)
HPRegen 0.24/turn               M - +6 ring of dexterity
MPRegen 0.00/turn               t - ring of protection from cold

@: flying
A: sickness immunity, fire resistance 2, cold vulnerability 1, float, innate
caster, HP casting, extra vitality 1
a: Renounce Religion


You were on level 11 of the Dungeon.
You worshipped Makhleb.
Makhleb was aware of your devotion.
You visited 2 branches of the dungeon, and saw 12 of its levels.

You collected 683 gold pieces.


Innate Abilities, Weirdness & Mutations

You are immune to sickness and miasma.
You are immune to poison.
Your flesh is very heat resistant. (rF++)
You are vulnerable to cold. (rC-)
You float through the air rather than walking.
You learn spells naturally, not from books.
Your magical power is your life essence.
You have superior vitality. (+4 MHP)


   Skills:
 + Level 9.9 Fighting
 - Level 3.2 Ranged Weapons
 + Level 10.1 Dodging
 - Level 0.7 Stealth
 * Level 8.9 Spellcasting


You had 13 spell levels left.
You knew the following spells:

 Your Spells              Type           Power      Damage    Failure   Level
c - Stone Arrow           Conj/Erth      94%        3d12      1%          3
x - Gell's Gravitas       Tloc           47%        N/A       1%          3
y - Scorch                Fire           94%        2d9       1%          2
z - Summon Small Mammal   Summ           100%       N/A       1%          1
T - Metabolic Englaciati  Hex/Ice        23%        N/A       13%         5
Your spell library was empty.

Inventory:

Hand Weapons
 a - the +8 dagger of Uletzoq (weapon) {vorpal, Int+7 Dex+3}

   It inflicts extra damage upon your enemies.
   Int:       It affects your intelligence (+7).
   Dex:       It affects your dexterity (+3).
 L - a +0 shortbow
 T - a +7 war axe
 V - a +0 longbow
Missiles
 C - 2 throwing nets {=f}
 F - a curare-tipped dart {=f}
Armour
 c - a +0 leather armour
 i - a +2 helmet (worn)
 K - a +0 pair of gloves (worn)
 S - +0 swamp dragon scales (worn)
Jewellery
 h - a ring of resist corrosion
 q - a +6 ring of strength
 t - a ring of protection from cold (right hand)
 M - a +6 ring of dexterity (left hand)
 U - a ring of wizardry
Wands
 v - a wand of flame (23)
 y - a wand of mindburst (30)
 z - a wand of charming (10)
 I - a wand of polymorph (12)
 N - a wand of iceblast (5)
Scrolls
 d - 3 scrolls of immolation {!r}
 e - a scroll of brand weapon {unknown}
 g - 11 scrolls of identify {unknown}
 l - 9 scrolls of teleportation {unknown}
 m - a scroll of vulnerability {unknown}
 s - 2 scrolls of acquirement {unknown}
 u - a scroll of enchant weapon {unknown}
 w - 2 scrolls of enchant armour {unknown}
 A - 3 scrolls of poison {unknown}
 B - a scroll of torment {unknown}
 H - 3 scrolls of noise {unknown}
 J - a scroll of butterflies {unknown}
 O - a scroll of amnesia {unknown}
 P - a scroll of silence {unknown}
Potions
 b - 2 potions of heal wounds {unknown}
 f - 3 potions of haste {unknown}
 j - a potion of attraction {unknown}
 k - a potion of ambrosia {unknown}
 n - 4 potions of lignification {unknown}
 o - 3 potions of resistance {unknown}
 p - 2 potions of mutation {unknown}
 r - 3 potions of curing {unknown}
 x - a potion of invisibility {unknown}
 D - 3 potions of degeneration {unknown}
 E - 2 potions of brilliance {unknown}
 G - 3 potions of flight {unknown}
 Q - a potion of berserk rage {unknown}
 R - a potion of might {unknown}
 W - 2 potions of cancellation {unknown}

Dungeon Overview and Level Annotations

Branches:
Dungeon (11/15)            Temple (1/1) D:4            Lair (0/5) D:9
    Orc: D:9-12

Altars:
Ashenzari
Cheibriados
Dithmenos
Elyvilon
Fedhas
Gozag
Hepliaklqana
Makhleb
Nemelex Xobeh
Okawaru
Qazlal
Ru
Trog
Uskayaw
Wu Jian
Xom
Yredelemnul
The Shining One

Shops:
D:9

* ▒▒▒▒▒▒▒▒
▒......▒▒▒▒▒▒▒ ▒
▒............▒ ...
▒▒............▒▒▒▒▒.....
.).....[........RD......
▒▒............▒▒▒9▒.W...
▒............▒ .▒ ...
▒▒▒▒▒........▒ .▒ .
▒........▒ .▒ ▒........▒
.▒ ▒▒▒▒▒▒▒▒▒▒ .▒ .▒


You could see a wraith, an acid dragon (catching breath) and a gargoyle.


Message History

You see here a +0 trident.
W - 2 black potions
Found a stone staircase leading down.
An acid dragon comes into view.
An acid dragon is nearby!
The acid dragon roars!
The acid dragon spits acid at you. The splash of acid hits you!!
A gargoyle comes into view. It is wielding a +0 flail.
The stone arrow hits the gargoyle!
The gargoyle is severely damaged.
A wraith comes into view.
The stone arrow hits the gargoyle but does no damage.
The gargoyle is severely damaged.
The gargoyle hits you with a +0 flail.
The stone arrow hits the gargoyle.
The gargoyle is severely damaged.
The acid dragon spits acid at you. The splash of acid hits you!!
* * * LOW HITPOINT WARNING * * *
The gargoyle closely misses you.
The stone arrow hits the gargoyle but does no damage.
The gargoyle is severely damaged.
* * * LOW HITPOINT WARNING * * *
The acid dragon bites you.
* * * LOW HITPOINT WARNING * * *
The acid dragon completely misses you.
The gargoyle hurls a stone arrow at you.
The stone arrow hits you!
You die...

Action                   |  1- 3 |  4- 6 |  7- 9 | 10-12 || total
-------------------------+-------+-------+-------+-------++-------
Melee: Dagger            |    20 |    80 |   154 |     9 ||   263
       Punch             |       |       |     4 |       ||     4
 Fire: Shortbow          |    72 |    61 |       |       ||   133
Throw: Dart              |       |       |       |     2 ||     2
 Cast: Scorch            |       |    16 |   133 |    75 ||   224
       Gell's Gravitas   |       |       |     2 |       ||     2
       Stone Arrow       |       |       |       |   112 ||   112
 Stab: Sleeping          |       |       |     2 |       ||     2
Armor: Leather armour    |    19 |    48 |    73 |     3 ||   143
       Swamp dragon scal |       |       |       |    39 ||    39
Dodge: Dodged            |    39 |    73 |   177 |   110 ||   399

Levels and vault maps discovered:
D:1:      minmay_arrival_checkered_box, layout_basic, basic_ecumenical_altar
D:2:      layout_loops_cross, basic_altar, minmay_randomly_rotated_circles
D:3:      layout_loops_ring, gup_sewer_entry_spiral, chequers_mini_garden,
          st_stairs_5
D:4:      lemuel_castle_with_subvaults [lemuel_castle_interior_carwin_2],
          layout_basic, nicolae_uskayaw_suspiria, overflow_temple_1_default,
          minmay_temple_entry_statues_fountains
D:5:      layout_cave_pods, mainiacjoe_overflow_concentric_impassable,
          serial_co_window_serial, co_window_corner_a, co_window_paths_b,
          co_window_corner_a, co_window_paths_a, co_window_paths_a,
          co_window_corner_cb, co_window_of_opportunity_b, co_window_2corner,
          co_window_corner_b, co_window_corner_ca, co_window_broadway_b,
          glass_columns_b, glass_columns_c, glass_columns_a, glass_columns_a,
          uniq_pikel, uniq_blork_the_orc, uniq_grinder
D:6:      layout_loops_cross, minitemple
D:7:      layout_cave_pools, lemuel_round_altar, uniq_duvessa, uniq_maggie
D:8:      layout_rooms, lemuel_tele_altar
D:9:      layout_rooms, nicolae_overflow_hidden_temple, dpeg_lair_monsters,
          serial_bayou_pond_a, minmay_shop_damaged, minmay_diced_spiral
D:10:     layout_irregular_city, mainiacjoe_overflow_brackets,
          mainiacjoe_overflow_tiny_flanked, nicolae_overflow_quartered_altars,
          chequers_hall_statues_corner_a, amcnicky_mini_rare_corridor_liquid,
          kennysheep_generic_room_11
D:11:     layout_basic, orc_0_dummy, nicolae_hepliaklqana_hippocampus
Temple:   nicolae_temple_bog_church

Notes
Turn   | Place    | Note
-------+----------+-------------------------------------------
     0 | D:1      | sanka the Djinni Hunter began the quest for the Orb.
     0 | D:1      | Reached XP level 1. HP: 18/18 MP: 0/0
    31 | D:1      | Reached XP level 2. HP: 23/23 MP: 0/0
   146 | D:1      | Reached skill level 1 in Spellcasting
   229 | D:1      | Reached XP level 3. HP: 21/29 MP: 0/0
   229 | D:1      | Learned a level 1 spell: Summon Small Mammal
   328 | D:1      | Found a faded altar of an unknown god.
   814 | D:2      | Reached skill level 3 in Fighting
   888 | D:2      | Found a stormy altar of Qazlal.
  1250 | D:2      | Reached XP level 4. HP: 35/35 MP: 0/0
  1942 | D:3      | Reached skill level 2 in Spellcasting
  2167 | D:3      | Reached XP level 5. HP: 36/40 MP: 0/0
  2167 | D:3      | Learned a level 2 spell: Scorch
  2281 | D:3      | You are sucked into a shaft and drop 2 floors!
  2281 | D:5      | Entered Level 5 of the Dungeon
  2345 | D:5      | Reached skill level 4 in Fighting
  2346 | D:5      | Reached skill level 3 in Spellcasting
  2346 | D:5      | Reached XP level 6. HP: 24/47 MP: 0/0
  2390 | D:5      | Noticed Blork the orc
  2406 | D:5      | Killed Blork the orc
  2423 | D:5      | Noticed a wyvern
  2432 | D:5      | Killed a wyvern
  2433 | D:5      | Reached skill level 4 in Spellcasting
  2433 | D:5      | Reached XP level 7. HP: 4/52 MP: 0/0
  2433 | D:5      | Learned a level 3 spell: Gell's Gravitas
  2729 | D:4      | Found a staircase to the Ecumenical Temple.
  2743 | Temple   | Entered the Ecumenical Temple
  3742 | D:3      | Reached skill level 5 in Spellcasting
  4224 | D:4      | Reached XP level 8. HP: 30/58 MP: 0/0
  4907 | D:4      | Found a hide-covered altar of Uskayaw.
  4963 | D:4      | Reached skill level 6 in Spellcasting
  5223 | D:4      | Found a bloodstained altar of Trog.
  5343 | D:4      | HP: 5/58 [gnoll/+0 flail (11)]
  6345 | D:5      | Noticed Pikel
  6484 | D:5      | Reached skill level 7 in Spellcasting
  6846 | D:5      | Killed Pikel
  6847 | D:5      | Reached skill level 3 in Dodging
  6847 | D:5      | Reached XP level 9. HP: 49/63 MP: 0/0
  6847 | D:5      | Learned a level 3 spell: Stone Arrow
  7120 | D:5      | Found a shadowy altar of Dithmenos.
  7572 | D:5      | Noticed Grinder
  7575 | D:5      | Killed Grinder
  7576 | D:5      | Reached skill level 5 in Fighting
  7576 | D:5      | Reached skill level 4 in Dodging
  7870 | D:6      | Reached skill level 8 in Spellcasting
  8131 | D:6      | Identified the +8 dagger of Uletzoq {vorpal, Int+7 Dex+3}
  8195 | D:6      | Found a snail-covered altar of Cheibriados.
  8198 | D:6      | Found an ornate altar of the Wu Jian Council.
  8560 | D:7      | Noticed Dowan
  8560 | D:7      | Noticed Duvessa
  8612 | D:7      | Identified +0 swamp dragon scales
  8612 | D:7      | Noticed Maggie
  8694 | D:7      | Killed Maggie
  8695 | D:7      | Reached skill level 6 in Fighting
  8695 | D:7      | Reached skill level 5 in Dodging
  8723 | D:7      | Killed Duvessa
  8725 | D:7      | Killed Dowan
  8726 | D:7      | Reached XP level 10. HP: 50/72 MP: 0/0
  8878 | D:7      | Found a stormy altar of Qazlal.
  9039 | D:7      | Reached skill level 6 in Dodging
  9334 | D:8      | Reached skill level 7 in Fighting
  9536 | D:8      | Reached skill level 7 in Dodging
 10084 | D:8      | Found a burning altar of Makhleb.
 10118 | D:8      | Became a worshipper of Makhleb the Destroyer
 10272 | D:8      | Reached skill level 8 in Fighting
 10298 | D:8      | Reached skill level 8 in Dodging
 11306 | D:9      | Reached XP level 11. HP: 42/82 MP: 0/0
 11306 | D:9      | Learned a level 5 spell: Metabolic Englaciation
 11528 | D:9      | Reached skill level 9 in Dodging
 11529 | D:9      | Reached skill level 9 in Fighting
 11705 | D:9      | Found Jisoaliu's Lightly-Used Armoury.
 11779 | D:9      | Noticed a death yak
 11780 | D:9      | Noticed a death yak
 11780 | D:9      | Noticed a death yak
 11883 | D:9      | Found a staircase to the Lair.
 11974 | D:9      | Found a blossoming altar of Fedhas.
 12250 | D:10     | Entered Level 10 of the Dungeon
 12429 | D:10     | Noticed a boulder beetle
 12446 | D:10     | Killed a boulder beetle
 12446 | D:10     | Reached * piety under Makhleb
 12566 | D:10     | Found a sparkling altar of Nemelex Xobeh.
 12566 | D:10     | Found an opulent altar of Gozag.
 12567 | D:10     | Found a shimmering altar of Xom.
 12601 | D:10     | Found a sacrificial altar of Ru.
 13078 | D:10     | Found an iron altar of Okawaru.
 13581 | D:11     | Noticed a boulder beetle
 13584 | D:11     | Noticed an eight-headed hydra
 13596 | D:11     | Killed a boulder beetle
 13597 | D:11     | Reached skill level 10 in Dodging
 13842 | D:11     | Noticed a cyclops
 13860 | D:11     | Killed a cyclops
 13893 | D:11     | Killed from afar by a gargoyle

Vanquished Creatures
  2 boulder beetles
  Pikel (D:5)
  A cyclops (D:11)
  A komodo dragon (D:10)
  Maggie (D:7)
  Grinder (D:5)
  2 vampires (D:10)
  A wyvern (D:5)
  2 steam dragons
  8 yaks
  4 vampire mosquitoes (D:10)
  A water moccasin (D:7)
  Duvessa (D:7)
  2 orc warriors (D:9)
  2 sky beasts
  A black bear (D:7)
  An ice beast (D:5)
  5 centaurs
  Blork the orc (D:5)
  3 kobold brigands
  3 bullfrogs
  13 wights
  Dowan (D:7)
  8 killer bees
  7 howler monkeys
  3 jellies
  2 orc priests (D:4)
  4 hounds
  4 iguanas
  9 orc wizards
  25 gnolls
  9 adders
  A river rat (D:3)
  2 white imps
  3 ufetubi
  3 worms
  2 dart slugs
  37 orcs
  13 endoplasms
  8 giant cockroaches
  4 goblins
  4 hobgoblins
  26 jackals
  5 quokkas
  9 ball pythons
  6 bats
  3 frilled lizards
  13 kobolds
  11 rats
279 creatures vanquished.

Vanquished Creatures (others)
  An orc wizard (D:5)
  A plant (D:4)
2 creatures vanquished.

Grand Total: 281 creatures vanquished
